Map: Kairos Junction LE

Players

BestGames

  • Race: Zerg Zerg
  • League: Platinum
  • Spawn Location: 11:00

Yocto - Winner!

  • Race: Zerg Zerg
  • League: Platinum
  • Spawn Location: 5:00

VOD

Have the link to the VOD?

Description

Time

  • Played on: Dec. 22, 2018, 7:54 a.m.
  • Length: 20:37
Show
View Real Time Build Order
Export as new Build Order

BestGames Zerg 

Build Orders: Pool First, Zergling Baneling 

Get SALT Encoding   

  12  0:01  Drone  
  13  0:08  Drone  
  14  0:20  Extractor x2, Drone  
  13  0:21  Drone  
  16  0:28  Overlord  
  16  0:38  Extractor  
  15  0:47  Spawning Pool  
  14  0:53  Drone x2  
  17  1:04  Drone  
  17  1:07  Drone  
  18  1:26  Hatchery  
  17  1:34  Overlord  
  17  1:40  Metabolic Boost  
  17  1:44  Zergling x2  
  18  1:51  Zergling x4  
  20  2:08  Zergling x2  
  21  2:12  Queen  
  23  2:18  Zergling x2  
  24  2:25  Baneling Nest  
  23  2:35  Zergling x4  
  25  2:53  Drone x3  
  25  2:54  Drone  
  29  3:14  Baneling  
  29  3:15  Baneling x7  
  29  3:21  Zergling x8  
  29  3:22  Zergling x2  
  34  3:37  Zergling x6  
  34  3:38  Zergling x4  
  28  4:07  Zergling x10  
  28  4:09  Baneling x2  
  32  4:10  Baneling  
  32  4:11  Baneling x3  
  32  4:24  Zergling x2  
  32  4:25  Zergling x6  
  31  4:42  Lair  
  22  5:09  Roach Warren  
  21  5:14  Spine Crawler  
  21  5:15  Spine Crawler  
  21  5:16  Spine Crawler  
  21  5:18  Spine Crawler  
  21  5:24  Evolution Chamber  
  21  5:26  Evolution Chamber  
  21  5:28  Spine Crawler  
  18  5:31  Spine Crawler  
  17  5:41  Drone x4  
  17  5:42  Drone x5  
  26  5:59  Drone x2  
  26  6:03  Extractor  
  27  6:09  Overlord x2  
  27  6:13  Overseer  
  27  6:27  Drone  
  27  6:28  Drone x5  
  33  6:36  Spire  
  32  6:48  Queen  
  34  6:58  Extractor  
  34  7:00  Extractor  
  32  7:35  Overseer  
  32  7:49  Mutalisk  
  32  7:50  Mutalisk x4  
  42  8:14  Mutalisk x3  
  48  8:28  Mutalisk x2  
  52  8:52  Overlord  
  52  8:53  Overlord x4  
  52  9:11  Zergling x22  
  59  9:39  Mutalisk x5  
  57  10:07  Spore Crawler  
  57  10:08  Spore Crawler  
  57  10:09  Spore Crawler  
  57  10:10  Spore Crawler  
  57  10:11  Spore Crawler  
  57  10:12  Spore Crawler  
  47  10:25  Corruptor x4  
  55  10:33  Drone x2  
  57  11:10  Hatchery  
  56  11:16  Corruptor  
  56  11:18  Zergling x2  
  59  11:19  Drone  
  32  12:05  Corruptor x5  
  41  12:23  Drone x6  
  47  12:31  Spore Crawler  
  46  12:45  Drone x4  
  46  12:46  Drone  
  51  13:04  Hydralisk Den  
  50  13:09  Spore Crawler x2  
  48  13:47  Hydralisk  
  48  13:48  Hydralisk x8  
  66  14:03  Drone x3  
  66  14:04  Drone x3  
  72  14:23  Spore Crawler  
  71  14:28  Hydralisk x2  
  71  14:30  Overlord x2  
  71  14:31  Overlord  
  75  14:49  Hydralisk x2  
  75  14:50  Hydralisk x2  
  83  15:05  Hydralisk x3  
  83  15:06  Hydralisk  
  91  15:40  Hydralisk x2  
  91  15:41  Hydralisk x2  
  99  15:59  Hatchery  
  99  16:03  Extractor  
  97  16:05  Hydralisk  
  97  16:07  Overlord x2  
  99  16:23  Drone  
  100  16:56  Hydralisk x8  
  79  17:38  Hydralisk  
  79  17:39  Hydralisk x15  
  83  17:54  Hydralisk x3  
  75  18:33  Hydralisk  
  75  18:34  Hydralisk x7  
  49  19:07  Hydralisk x4  
  57  19:40  Hydralisk  
  57  19:41  Hydralisk x5  
Show
View Real Time Build Order
Export as new Build Order

Yocto Zerg - Winner!

Build Orders: Hatch First 

Get SALT Encoding   

  12  0:01  Drone  
  13  0:14  Overlord  
  13  0:17  Drone  
  14  0:35  Drone x2  
  16  0:37  Drone  
  17  0:55  Hatchery  
  16  0:59  Drone  
  16  1:00  Drone  
  18  1:04  Extractor  
  17  1:15  Spawning Pool  
  16  1:20  Drone  
  16  1:23  Drone  
  18  1:30  Drone  
  19  1:45  Drone  
  20  1:56  Overlord  
  20  2:03  Queen  
  20  2:07  Queen  
  24  2:09  Zergling x4  
  24  2:12  Metabolic Boost  
  26  2:19  Zergling x4  
  28  2:28  Baneling Nest  
  27  2:31  Zergling x4  
  29  2:43  Spine Crawler  
  28  2:52  Queen  
  30  3:00  Zergling x6  
  33  3:09  Overlord  
  33  3:14  Baneling  
  33  3:15  Baneling  
  33  3:38  Zergling x8  
  33  3:39  Drone x4  
  32  3:49  Zergling x6  
  33  4:06  Baneling  
  33  4:07  Baneling  
  33  4:08  Zergling x6  
  33  4:09  Zergling x2  
  37  4:21  Spine Crawler  
  37  4:23  Evolution Chamber, Baneling x2  
  32  4:35  Zergling x6  
  32  4:36  Zergling x4  
  34  4:39  Baneling  
  34  4:52  Zergling x10  
  37  5:12  Drone  
  37  5:13  Evolution Chamber  
  37  5:27  Spine Crawler  
  36  5:33  Drone  
  36  5:34  Drone x3  
  40  5:42  Lair  
  40  5:51  Extractor  
  39  6:03  Overlord x2  
  39  6:07  Drone x2  
  39  6:08  Drone  
  42  6:13  Drone  
  43  6:39  Drone x7  
  51  6:40  Drone x2  
  51  6:47  Zerg Melee Weapons Level 1  
  52  6:50  Extractor, Drone  
  52  7:05  Spire  
  52  7:06  Overlord  
  51  7:12  Extractor  
  50  7:16  Drone x2  
  50  7:17  Drone x3  
  55  7:30  Drone x5  
  60  7:37  Overlord  
  60  7:53  Drone x3  
  60  7:55  Drone  
  64  8:10  Hatchery  
  64  8:11  Overlord x2  
  63  8:26  Overlord x3, Drone x2  
  65  8:27  Drone  
  65  8:28  Drone x4  
  65  8:32  Extractor x2  
  68  8:37  Mutalisk x2  
  68  8:38  Mutalisk  
  74  8:51  Drone x5  
  79  9:04  Mutalisk x2  
  83  9:11  Spore Crawler  
  83  9:12  Spore Crawler  
  83  9:13  Spore Crawler  
  78  9:29  Mutalisk  
  78  9:30  Mutalisk x6  
  83  9:39  Pneumatized Carapace  
  81  9:50  Spire  
  78  10:10  Drone x8  
  78  10:11  Drone  
  87  10:20  Spore Crawler  
  86  10:23  Spore Crawler  
  85  10:39  Queen  
  87  11:03  Mutalisk  
  87  11:04  Mutalisk x8  
  87  11:09  Zerg Flyer Weapons Level 1  
  105  11:16  Queen  
  107  11:29  Corruptor x3  
  107  11:32  Overlord x3  
  103  11:58  Zergling x6  
  103  11:59  Zergling x8  
  108  12:03  Drone x2  
  110  12:15  Drone, Infestation Pit  
  109  12:16  Drone x2  
  112  12:23  Spire  
  112  12:24  Zergling x6  
  112  12:29  Baneling x2  
  114  12:30  Baneling x2  
  114  12:31  Centrifical Hooks  
  114  12:47  Drone x2  
  114  12:48  Drone x2, Corruptor x3  
  114  12:49  Corruptor x2  
  128  12:53  Hatchery  
  127  13:16  Overlord x3  
  127  13:17  Overlord  
  127  13:22  Hive  
  127  13:29  Drone x7  
  127  13:30  Drone x4  
  127  13:33  Overseer x2  
  138  13:37  Zerg Flyer Armor Level 1  
  138  13:41  Drone x5  
  143  14:09  Roach Warren  
  142  14:10  Drone  
  142  14:16  Corruptor  
  142  14:17  Corruptor x6  
  143  14:18  Corruptor  
  159  14:26  Spine Crawler  
  159  14:27  Spine Crawler  
  159  14:28  Extractor, Spine Crawler  
  159  14:29  Extractor  
  154  14:42  Overlord x4  
  154  14:47  Queen  
  154  14:48  Spore Crawler  
  154  14:52  Drone x3  
  158  14:54  Drone x2  
  158  14:55  Drone  
  161  15:01  Viper x2  
  161  15:02  Viper x2  
  161  15:03  Viper  
  176  15:13  Greater Spire  
  176  15:34  Hatchery  
  175  15:37  Extractor  
  174  15:43  Overseer  
  174  16:13  Zerg Flyer Armor Level 2  
  174  16:18  Corruptor x5  
  184  16:33  Brood Lord x2  
  184  16:34  Brood Lord x4  
  184  16:36  Extractor  
  195  16:51  Zerg Flyer Weapons Level 2  
  172  17:44  Zergling x12  
  170  17:45  Zergling x14  
  170  17:46  Zergling x6  
  182  17:58  Zergling x4  
  182  17:59  Zergling x8  
  188  18:08  Zergling x2  
  188  18:09  Zergling x2  
  188  18:13  Baneling x9  
  188  18:14  Baneling x12  
  174  18:45  Brood Lord x5  
  184  18:50  Zergling x4  
  184  18:51  Zergling x14  
  192  19:05  Baneling x3  
Tags
 
Add a new tag
Caveats
  • Supply blocks, unpowered buildings, or Contaminate may cause inaccurate times.
  • Supply counts are checked every 10 seconds.